 Dungeon Crawl Stone Soup version 0.20.1-1-g8b1a95d (webtiles) character file.

12274 theAP the Geomancer (level 11, 0/59 HPs)
             Began as a Gargoyle Earth Elementalist on Sept 8, 2017.
             Was an Elder of Sif Muna.
             Killed from afar by a tengu conjurer (23 damage)
             ... with a bolt of magma
             ... on level 11 of the Dungeon.
             The game lasted 00:47:05 (14329 turns).

theAP the Geomancer (Gargoyle Earth Elementalist)  Turns: 14329, Time: 00:47:07

Health: 0/59       AC: 10    Str: 11    XL:     11   Next: 90%
Magic:  13/24      EV: 12    Int: 20    God:    Sif Muna [****..]
Gold:   612        SH:  3    Dex: 12    Spells: 13/28 levels left

rFire    . . .     SeeInvis .   s - staff of energy
rCold    + . .     Gourm    .   (no shield)
rNeg     + . .     Faith    .   c - +0 robe
rPois    ∞         Spirit   .   A - +0 helmet
rElec    +         Reflect  +   (no cloak)
rCorr    +         Harm     .   (no gloves)
MR       .....                  (no boots)
Stlth    ++........             q - +3 amulet of reflection
Regen    0.2/turn               l - ring of resist corrosion
MPRegen  0.2/turn               C - ring of protection from cold

@: divine energy
A: agile 1, frail 1, mutation resistance 1, negative energy resistance 1,
electricity resistance, unbreathing, petrification resistance, rot immunity, AC
+7
a: Stop Divine Energy, Channel Magic, Forget Spell, Renounce Religion


You were on level 11 of the Dungeon.
You worshipped Sif Muna.
Sif Muna was greatly pleased with you.
You were hungry.

You visited 2 branches of the dungeon, and saw 12 of its levels.

You collected 612 gold pieces.

Inventory:

Hand Weapons
 v - the +8 falchion "Erahuad" {venom, rN++, unknown}
   (You took it off an orc on level 6 of the Dungeon)

   It poisons the flesh of those it strikes.
   It greatly protects you from negative energy.
Missiles
 y - 21 stones (quivered)
Armour
 c - a +0 robe (worn)
 A - a +0 helmet (worn)
Magical Staves
 s - an uncursed staff of energy (weapon)
Jewellery
 l - a ring of resist corrosion (left hand)
 m - an uncursed amulet of regeneration
 q - a +3 amulet of reflection (around neck)
 x - an uncursed amulet of harm
 C - a ring of protection from cold (right hand)
Wands
 k - a wand of random effects (38/48)
 K - a wand of acid (10/15)
Scrolls
 g - 2 scrolls of magic mapping
 h - a scroll of teleportation
 j - a scroll of amnesia
 o - 2 scrolls of immolation
 p - a scroll of random uselessness
 u - 2 scrolls of blinking
 w - 2 scrolls of recharging
 L - 3 scrolls of enchant weapon
Potions
 a - 3 potions of agility
 i - 2 potions of might
 n - a potion of berserk rage {unknown}
 r - 2 potions of flight {unknown}
 t - a potion of resistance {unknown}
 z - 4 potions of degeneration {unknown}
 D - 2 potions of magic {unknown}
 E - a potion of curing
 F - a potion of brilliance {unknown}
Books
 b - a book of Misfortune

   Spells                             Type                      Level
   a - Confusing Touch                Hexes                        1
   b - Confuse                        Hexes                        3
   c - Gell's Gravitas                Translocation                3
   d - Petrify                        Transmutation/Earth          4
   e - Metabolic Englaciation         Hexes/Ice                    5
   f - Yara's Violent Unravelling     Hexes/Transmutation          5
 e - a book of Geomancy

   Spells                             Type                      Level
   a - Sandblast                      Earth                        1
   b - Passwall                       Transmutation/Earth          2
   c - Stone Arrow                    Conjuration/Earth            3
   d - Petrify                        Transmutation/Earth          4
   e - Lee's Rapid Deconstruction     Earth                        5
 B - a book of Misfortune

   Spells                             Type                      Level
   a - Confusing Touch                Hexes                        1
   b - Confuse                        Hexes                        3
   c - Gell's Gravitas                Translocation                3
   d - Petrify                        Transmutation/Earth          4
   e - Metabolic Englaciation         Hexes/Ice                    5
   f - Yara's Violent Unravelling     Hexes/Transmutation          5
 H - a book of Party Tricks

   Spells                             Type                      Level
   a - Summon Butterflies             Summoning                    1
   b - Apportation                    Translocation                1
   c - Lesser Beckoning               Translocation                3
   d - Tukima's Dance                 Hexes                        3
   e - Alistair's Intoxication        Transmutation/Poison         5
   f - Invisibility                   Hexes                        6
Comestibles
 d - 10 bread rations
 f - 7 meat rations
 G - a royal jelly
 J - a fruit


   Skills:
 + Level 6.8 Fighting
 - Level 1.5 Dodging
 - Level 2.1 Stealth
 + Level 9.0 Spellcasting
 + Level 9.8 Conjurations
 + Level 3.0 Hexes
 - Level 2.0 Transmutations
 + Level 11.6 Earth Magic
 - Level 4.9 Evocations


You had 13 spell levels left.
You knew the following spells:

 Your Spells              Type           Power        Failure   Level  Hunger
a - Sandblast             Erth           ######       1%          1    None
b - Stone Arrow           Conj/Erth      ######       1%          3    None
c - Passwall              Tmut/Erth      #####.....   1%          2    None
d - Lee's Rapid Deconstr  Erth           ######....   1%          5    None
e - Summon Butterflies    Summ           #.......     8%          1    None
f - Confuse               Hex            ###.....     6%          3    None


Dungeon Overview and Level Annotations

Branches:
Dungeon (11/15)            Temple (1/1) D:6            Lair (0/6) D:8
    Orc: D:9-12

Altars:
Ashenzari
Cheibriados
Dithmenos
Elyvilon
Fedhas
Gozag
Kikubaaqudgha
Makhleb
Nemelex Xobeh
Okawaru
Qazlal
Ru
Sif Muna
Trog
Uskayaw
Xom
Yredelemnul
Zin

Shops:
D:9 ?

Annotations:
D:11 Fannar


Innate Abilities, Weirdness & Mutations

You are resistant to torment.
Your stone body is resilient. (AC +7)
You are immune to poison.
You resist negative energy. (rN+)
You are resistant to electric shocks. (rElec)
You can survive without breathing.
You are immune to petrification.
You are immune to rotting.
You are agile. (Dex +2)
You are frail. (-10% HP)
You are somewhat resistant to further mutation.


Message History

The bolt of magma misses you.
The battlesphere fires!
The barrage of energy hits you!
Casting: Stone Arrow
Confirm with . or Enter, or press ? or * to list all spells.
Aiming: Stone Arrow
Press: ? - help, Shift-Dir - straight line, f/p - tengu conjurer
Aim: a tengu conjurer, wearing a buckler The tengu conjurer blocks the stone arrow.
Casting: Stone Arrow
Confirm with . or Enter, or press ? or * to list all spells.
Aiming: Stone Arrow
Press: ? - help, Shift-Dir - straight line, f/p - tengu conjurer
Aim: a tengu conjurer, wearing a buckler The stone arrow misses the tengu conjurer.
The tengu conjurer gestures at you while chanting.
The bolt of poison hits you! You resist.
The battlesphere fires!
The barrage of energy hits you!
The tengu conjurer gestures at you while chanting.
The bolt of magma hits you!
You die...

.............##............###.##
.............................#†..
............#####<.........#...#.
.##.........#######..............
.##..............##.......#######
..........##.*##..#.#.....#
..####.........§§.........## .##
#.......*.§§§###..)......### .#
###..........@..##########....
.###...........Q.#..#### #####
.##.....##.....Q.#.....##########
.#.................###...#.......
.#.......#.......................
.#.......#......#..######...#..†>
.##.............#...#######.....#
.#.......#######........# ###...#
<#.......# #........# #...#


You could see 2 tengu conjurers and 2 battlespheres.

Vanquished Creatures
  4 two-headed ogres
  The ghost of gobwax the Spear-Bearer, a novice FoFi of Okawaru (D:8)
  An unseen horror (D:10)
  An ugly thing (D:11)
  Joseph (D:9)
  The ghost of gobwax the Spear-Bearer, an amateur MfSk (D:7)
  Prince Ribbit (D:8)
  6 hippogriffs
  A hungry ghost (D:9)
  A soldier ant (D:10)
  A porcupine (D:8)
  3 phantoms
  7 ice beasts
  5 sky beasts
  4 orc warriors
  7 ogres
  A necrophage (D:11)
  10 centaurs
  2 crocodiles (D:8)
  5 bullfrogs
  A water moccasin zombie (D:6)
  5 scorpions
  6 killer bees (D:9)
  5 wights (D:9)
  2 howler monkeys (D:7)
  2 bullfrog zombies (D:8)
  2 crimson imps
  4 hounds
  A quasit (D:10)
  2 bullfrog skeletons
  A centaur zombie (D:8)
  11 orc priests
  A centaur skeleton (D:6)
  An iguana (D:8)
  11 orc wizards
  8 worker ants
  A killer bee zombie (D:7)
  2 hound skeletons
  2 worker ant zombies
  A howler monkey zombie (D:8)
  5 gnolls
  11 adders
  A shadow imp (D:5)
  An ooze (D:4)
  An adder zombie (D:9)
  2 adder skeletons
  8 worms
  A dart slug (D:2)
  5 leopard geckos
  38 orcs
  5 giant cockroaches
  10 goblins
  9 hobgoblins
  7 jackals
  10 quokkas
  5 ball pythons
  5 bats
  8 frilled lizards
  7 kobolds
  A leopard gecko zombie (D:7)
  7 rats
  A fungus (D:8)
280 creatures vanquished.

Vanquished Creatures (others)
  3 fungi (D:8)
3 creatures vanquished.

Grand Total: 283 creatures vanquished

Notes
Turn   | Place    | Note
-------+----------+-------------------------------------------
     0 | D:1      | theAP the Gargoyle Earth Elementalist began the quest for the Orb.
     0 | D:1      | Reached XP level 1. HP: 10/10 MP: 3/3
   179 | D:1      | Reached skill level 4 in Earth Magic
   179 | D:1      | Reached XP level 2. HP: 15/15 MP: 3/5
   742 | D:1      | Reached XP level 3. HP: 19/19 MP: 4/6
  1516 | D:2      | Noticed an ice beast
  1518 | D:2      | Noticed a centaur
  1518 | D:2      | Found an opulent altar of Gozag.
  1520 | D:2      | Found a transporter.
  1534 | D:2      | Found a transporter.
  1628 | D:2      | Learned a level 3 spell: Stone Arrow
  1697 | D:2      | Reached XP level 4. HP: 24/24 MP: 6/8
  1882 | D:2      | Reached skill level 5 in Earth Magic
  1987 | D:2      | Found a snail-covered altar of Cheibriados.
  2882 | D:3      | Gained mutation: You are somewhat resistant to further mutation. [potion of mutation]
  2882 | D:3      | Gained mutation: Your muscles are strong. (Str +2) [potion of mutation]
  3225 | D:4      | Reached skill level 1 in Conjurations
  3225 | D:4      | Reached XP level 5. HP: 28/28 MP: 6/9
  3292 | D:4      | Found a blossoming altar of Fedhas.
  3300 | D:4      | Found a shimmering altar of Xom.
  3334 | D:4      | Found a shimmering altar of Xom.
  3338 | D:4      | Found a shimmering altar of Xom.
  3338 | D:4      | Found a shimmering altar of Xom.
  3343 | D:4      | Found a shimmering altar of Xom.
  3343 | D:4      | Found a shimmering altar of Xom.
  3345 | D:4      | Found a shimmering altar of Xom.
  3554 | D:4      | Reached skill level 1 in Evocations
  3733 | D:4      | Noticed a centaur
  3738 | D:4      | Reached XP level 6. HP: 29/32 MP: 3/11
  4022 | D:4      | Reached skill level 6 in Earth Magic
  4022 | D:4      | Reached XP level 7. HP: 12/36 MP: 3/13
  4238 | D:5      | Entered Level 5 of the Dungeon
  4494 | D:5      | Found a burning altar of Makhleb.
  4528 | D:5      | Found a shadowy altar of Dithmenos.
  4715 | D:5      | Found a sparkling altar of Nemelex Xobeh.
  5069 | D:5      | Gained mutation: You are agile. (Dex +2) [mutagenic meat]
  5070 | D:5      | Gained mutation: You are frail. (-10% HP) [mutagenic meat]
  5074 | D:5      | Lost mutation: Your muscles are strong. (Str +2) [mutagenic meat]
  5344 | D:5      | Reached XP level 8. HP: 36/36 MP: 11/15
  5374 | D:5      | Reached skill level 7 in Earth Magic
  5784 | D:6      | Reached skill level 5 in Spellcasting
  5975 | D:6      | Found a staircase to the Ecumenical Temple.
  5981 | Temple   | Entered the Ecumenical Temple
  6017 | Temple   | Became a worshipper of Sif Muna the Loreminder
  6053 | D:6      | Found a shattered altar of Ashenzari.
  6096 | D:6      | Got a transparent falchion {venom}
  6564 | D:6      | Learned a level 2 spell: Passwall
  6570 | D:6      | Learned a level 5 spell: Lee's Rapid Deconstruction
  6911 | D:2      | Reached skill level 5 in Conjurations
  6980 | D:2      | HP: 1/36 [ice beast (14)]
  7247 | D:4      | Reached * piety under Sif Muna
  7247 | D:4      | Reached skill level 8 in Earth Magic
  7247 | D:4      | Reached XP level 9. HP: 40/40 MP: 1/17
  7639 | D:7      | Found a sacrificial altar of Ru.
  7881 | D:7      | Noticed gobwax's ghost (amateur MfSk)
  8017 | D:7      | Killed gobwax's ghost
  8132 | D:7      | Found a white marble altar of Elyvilon.
  8146 | D:7      | Gained mutation: You have supernaturally acute eyesight. (SInv) [mutagenic meat]
  8149 | D:7      | Lost mutation: You have supernaturally acute eyesight. (SInv) [mutagenic meat]
  8164 | D:7      | Noticed a two-headed ogre
  8217 | D:7      | Killed a two-headed ogre
  8217 | D:7      | Reached ** piety under Sif Muna
  8217 | D:7      | Reached skill level 9 in Earth Magic
  8838 | D:7      | Reached XP level 10. HP: 45/45 MP: 10/20
  8848 | D:7      | Reached skill level 1 in Fighting
  9091 | D:7      | Found a sacrificial altar of Ru.
  9213 | D:7      | Found a hide-covered altar of Uskayaw.
  9213 | D:7      | Found an ancient bone altar of Kikubaaqudgha.
  9396 | D:8      | Noticed gobwax's ghost (novice FoFi)
  9441 | D:8      | HP: 1/49 [gobwax's ghost (8)]
  9745 | D:8      | Reached skill level 10 in Earth Magic
  9799 | D:8      | Killed gobwax's ghost
  9947 | D:8      | Noticed Prince Ribbit
  9992 | D:8      | Found a staircase to the Lair.
 10232 | D:8      | Reached *** piety under Sif Muna
 10333 | D:8      | Killed Prince Ribbit
 10926 | D:9      | Learned a level 1 spell: Summon Butterflies
 10930 | D:9      | Learned a level 3 spell: Confuse
 11023 | D:9      | Reached skill level 1 in Transmutations
 11086 | D:9      | Noticed a two-headed ogre
 11092 | D:9      | Killed a two-headed ogre
 11092 | D:9      | Reached skill level 5 in Fighting
 11092 | D:9      | Reached XP level 11. HP: 5/56 MP: 7/23
 11768 | D:9      | Found Eluz's Magic Scroll Emporium.
 11920 | D:9      | Noticed Joseph
 11932 | D:9      | Killed Joseph
 11945 | D:9      | Reached skill level 11 in Earth Magic
 12036 | D:9      | Noticed a moth of wrath
 12039 | D:9      | Found a bloodstained altar of Trog.
 12174 | D:9      | Reached skill level 1 in Hexes
 12190 | D:9      | Reached **** piety under Sif Muna
 12350 | D:9      | Noticed a two-headed ogre
 12381 | D:9      | Killed a two-headed ogre
 12539 | D:10     | Entered Level 10 of the Dungeon
 12697 | D:10     | Killed an unseen horror
 14063 | D:11     | Noticed a two-headed ogre
 14068 | D:11     | Killed a two-headed ogre
 14186 | D:11     | Noticed a purple ugly thing
 14191 | D:11     | Killed a purple ugly thing
 14291 | D:11     | Noticed Fannar
 14329 | D:11     | Killed from afar by a tengu conjurer

Skill      XL: |  1  2  3  4  5  6  7  8  9 10 11 |
---------------+----------------------------------+-----
Earth Magic    | 4 5 6 8 9 10 11 | 11.6
Spellcasting   | 3 4 5 7 8 9 |  9.0
Conjurations   | 1 2 3 4 5 7 8 9 |  9.8
Evocations     | 1 2 3 4 |  4.9
Fighting       | 5 6 |  6.8
Transmutations | 1 2 |  2.0
Hexes          | 3 |  3.0
Dodging        | |  1.5
Stealth        | |  2.1

Action                   |  1- 3 |  4- 6 |  7- 9 | 10-12 || total
-------------------------+-------+-------+-------+-------++-------
Melee: Unarmed           |    21 |       |       |       ||    21
       Staff             |       |    15 |    50 |    41 ||   106
 Cast: Sandblast         |    54 |    86 |    47 |    81 ||   268
       Stone Arrow       |       |     1 |   105 |   178 ||   284
       Lee's Rapid Decon |       |       |     2 |     1 ||     3
Invok: Divine Energy     |       |       |       |     1 ||     1
  Use: Scroll            |     4 |     6 |     5 |     9 ||    24
       Potion            |       |     1 |     3 |    10 ||    14
  Eat: Chunk             |     2 |     7 |    17 |     7 ||    33
       Fruit             |       |     1 |     2 |       ||     3
       Royal jelly       |       |       |     1 |     1 ||     2
       Meat ration       |       |       |     1 |     2 ||     3
Armor: Robe              |    19 |     8 |    41 |    79 ||   147
Dodge: Dodged            |    27 |    35 |    83 |    81 ||   226
Block: Other             |       |       |    14 |    11 ||    25
       Reflection        |       |       |       |     1 ||     1
